 Dungeon Crawl Stone Soup version 0.22-a0-482-g76e0a5f (webtiles) character file.

5632 Amnesiac the Reanimator (level 10, -3/64 HPs)
             Began as a Mummy Necromancer on June 17, 2018.
             Was a High Priest of Sif Muna.
             Slain by a one-headed hydra (17 damage)
             ... on level 11 of the Dungeon.
             The game lasted 00:25:34 (10092 turns).

Amnesiac the Reanimator (Mummy Necromancer)        Turns: 10092, Time: 00:25:35

Health: -3/64      AC:  5    Str: 12    XL:     10   Next: 46%
Magic:  24/24      EV: 12    Int: 18    God:    Sif Muna [*****.]
Gold:   171        SH:  0    Dex: 12    Spells: 23/29 levels left

rFire    + . .     SeeInvis .   n - +2 scimitar (flame)
rCold    + + .     Gourm    .   (no shield)
rNeg     + + +     Faith    .   s - +2 robe {rF+}
rPois    ∞         Spirit   .   r - +0 helmet
rElec    .         Reflect  .   l - scarf {rC+ rF+}
rCorr    .         Harm     .   (no gloves)
MR       +....                  (no boots)
Stlth    ++........             (no amulet)
HPRegen  0.20/turn              (no ring)
MPRegen  0.19/turn              (no ring)

@: divine energy
A: no food or potions, fire vulnerability, cold resistance 1, negative energy
resistance 3, torment resistance, unbreathing
a: Stop Divine Energy, Channel Magic, Forget Spell, Renounce Religion


You were on level 11 of the Dungeon.
You worshipped Sif Muna.
Sif Muna was extremely pleased with you.
You were not hungry.

You visited 2 branches of the dungeon, and saw 12 of its levels.

You collected 454 gold pieces.
You spent 283 gold pieces at shops.

Inventory:

Hand Weapons
 a - a +1 dagger of venom
 b - a +2 short sword of protection
 n - a +2 scimitar of flaming (weapon)
Armour
 e - a +1 scale mail of magic resistance
 g - a +0 shield
 l - a scarf of resistance (worn)
 o - +0 acid dragon scales
 r - a +0 helmet (worn)
 s - a +2 robe of fire resistance (worn)
Magical Staves
 k - an uncursed staff of earth
 p - an uncursed staff of air
Jewellery
 c - an uncursed ring of flight {unknown}
Wands
 q - a wand of polymorph (7)
Scrolls
 d - 6 scrolls of remove curse {!r}
 f - 2 scrolls of enchant weapon {!r}
 h - 2 scrolls of identify {!r}
 i - 4 scrolls of teleportation {!r}
 j - a scroll of amnesia {!r}
 m - 2 scrolls of blinking {!r}
 t - 3 scrolls of enchant armour {!r}


   Skills:
 - Level 0.5 Fighting
 - Level 1.5 Dodging
 - Level 1.5 Stealth
 + Level 10.4 Spellcasting
 * Level 12.4 Necromancy
 + Level 4.6 Invocations


You had 23 spell levels left.
You knew the following spells:

 Your Spells              Type           Power        Failure   Level  Hunger
a - Pain                  Necr           ####         1%          1    N/A
b - Sticks to Snakes      Tmut           #.......     12%         2    N/A
d - Vampiric Draining     Necr           ######....   1%          3    N/A

Your spell library contained the following spells:

 Spells                   Type           Power        Failure   Level  Hunger
 Confuse                  Hex            #.......     22%         3    N/A
 Invisibility             Hex            #.......     100%        6    N/A
 Animate Dead             Necr           N/A          1%          4    N/A
 Animate Skeleton         Necr           N/A          1%          1    N/A
 Regeneration             Chrm/Necr      ####......   1%          3    N/A
 Spider Form              Tmut/Pois      #.........   22%         3    N/A
 Blade Hands              Tmut           #.........   91%         5    N/A
 Ice Form                 Ice/Tmut       #.......     58%         4    N/A
 Leda's Liquefaction      Hex/Erth       #.........   58%         4    N/A
 Beastly Appendage        Tmut           #.....       8%          1    N/A

Dungeon Overview and Level Annotations

Branches:
Dungeon (11/15)            Temple (1/1) D:7            Lair (0/6) D:8
    Orc (0/2) D:10

Altars:
Ashenzari
Dithmenos
Gozag
Okawaru
Ru
Sif Muna
Uskayaw
Yredelemnul
Zin
The Shining One

Shops:
D:9 [


Innate Abilities, Weirdness & Mutations

You do not eat or drink.
Your flesh is vulnerable to fire.
You are immune to poison.
Your flesh is cold resistant. (rC+)
You are immune to negative energy. (rN+++)
You are immune to unholy pain and torment.
You can survive without breathing.


Message History

Confirm with . or Enter, or press ? or * to list all spells.
Aiming: Vampiric Draining (safe; 1% risk of failure)
Press: ? - help, Shift-Dir - straight line, f/p - big kobold
Aim: a big kobold, wielding a hand axe of flaming (heavily wounded)
The big kobold is almost dead.
You feel life coursing into your body. The big kobold misses you.
You riposte.
You closely miss the big kobold.
The big kobold is almost dead.
Casting: Vampiric Draining (safe; 1% risk of failure)
Confirm with . or Enter, or press ? or * to list all spells.
Aiming: Vampiric Draining (safe; 1% risk of failure)
Press: ? - help, Shift-Dir - straight line, f/p - big kobold
Aim: a big kobold, wielding a hand axe of flaming (almost dead)
You kill the big kobold!
Sif Muna accepts your kill.
You feel life coursing into your body.
A dream sheep comes into view.
A big kobold comes into view. It is wielding a short sword.
Found 15 stones.
Things that are here:
an enchanted trident; a robe; a scroll of identify {!r}
There are monsters nearby!
There are monsters nearby!
There are monsters nearby!
The big kobold shouts!
You hear a bleat!
The big kobold throws a stone.
The stone barely misses you.
A three-headed hydra comes into view.
The three-headed hydra roars!
You hear a shout!
You hear a bellow! x2
The three-headed hydra moves out of view.
Things that are here:
an enchanted trident; a robe; a scroll of identify {!r} You hear a splashing noise.
You chop one of the three-headed hydra's heads off!
The flame cauterises the wound!
You slash the two-headed hydra! You burn the two-headed hydra.
The two-headed hydra is moderately wounded.
The two-headed hydra bites you!
* * * LOW HITPOINT WARNING * * *
The two-headed hydra bites you!
* * * LOW HITPOINT WARNING * * *
You barely miss the two-headed hydra.
The two-headed hydra is moderately wounded.
The two-headed hydra barely misses you. The two-headed hydra bites you!
* * * LOW HITPOINT WARNING * * *
The two-headed hydra bites you but does no damage.
The two-headed hydra completely misses you.
Unknown command.
You see here a giant spiked club.
There is an open door here.
Items here: )) [[ a robe; a halberd; a robe; an enchanted mace Unknown command.
Unknown command.
Unknown command.
Put on which piece of jewellery? (? for menu, Esc to quit)
Okay, then.
Items here: )) [[ a robe; a halberd; a robe; an enchanted mace You hack one of the two-headed hydra's heads off!
The flame cauterises the wound!
You slash the one-headed hydra! You burn the one-headed hydra.
The one-headed hydra is moderately wounded.
The one-headed hydra bites you!
You die...

.. #....# ...#....##########
#.'....'........#
#.#....#...K....#
#......#.#####..#
######.#.#...#..# #
#...).#.#.#.#..# #P
#...<.#.#.#.#K.# #≈≈
#.###@#K#.#.#..# P≈.
##....D#.#.#.#..# ≈.
#.....K#.#.#.#..######
#####K####...%...............>##
(......D..........#......#.....#
####.##)(##..###..########.##..#
#..###.# #...............#
#..###.###.##########.##.#
#...................[)....#


You could see an one-headed hydra and a big kobold.

Vanquished Creatures
  A moth of wrath (shapeshifter) (D:7)
  Joseph (D:7)
  Psyche (D:9)
  2 trolls (D:10)
  A hippogriff (D:10)
  Eustachio (D:7)
  A wyvern (D:9)
  An acid dragon (D:11)
  3 orc warriors
  4 black bears
  2 sky beasts
  4 ogres
  A wolf (D:8)
  3 centaurs
  2 big kobolds
  A bullfrog (D:9)
  A scorpion (D:9)
  A wyvern skeleton (D:6)
  7 howler monkeys
  4 wights (D:11)
  2 electric eels (D:8)
  A crimson imp (D:5)
  A bullfrog zombie (D:8)
  A quasit (D:8)
  7 hounds
  2 jellies (D:8)
  5 orc priests
  6 orc wizards
  5 iguanas
  12 worker ants
  A hound skeleton (D:10)
  2 worker ant zombies
  8 adders
  2 shadow imps
  2 oozes (D:4)
  An adder zombie (D:9)
  3 adder skeletons
  A worm (D:2)
  A leopard gecko (D:8)
  27 orcs
  2 ball pythons (D:2)
  8 bats
  5 giant cockroaches
  A goblin (D:2)
  3 hobgoblins
  3 jackals (D:5)
  8 kobolds
  2 quokkas
  A ball python skeleton (D:4)
  6 frilled lizards
  4 rats
175 creatures vanquished.

Notes
Turn   | Place    | Note
-------+----------+-------------------------------------------
     0 | D:1      | Amnesiac the Mummy Necromancer began the quest for the Orb.
     0 | D:1      | Reached XP level 1. HP: 13/13 MP: 4/4
   505 | D:4      | Noticed a worker ant
   548 | D:4      | Found a deep blue altar of Sif Muna.
   551 | D:4      | Became a worshipper of Sif Muna the Loreminder
   956 | D:1      | Reached XP level 2. HP: 20/20 MP: 1/5
  1744 | D:2      | Found a basalt altar of Yredelemnul.
  1802 | D:2      | Reached XP level 3. HP: 15/25 MP: 0/7
  1807 | D:2      | Learned a level 3 spell: Vampiric Draining
  2646 | D:4      | Reached skill level 5 in Necromancy
  2646 | D:4      | Reached XP level 4. HP: 16/31 MP: 2/9
  2686 | D:4      | Reached * piety under Sif Muna
  2740 | D:4      | Found an opulent altar of Gozag.
  2831 | D:4      | Reached XP level 5. HP: 21/36 MP: 0/11
  3092 | D:4      | Learned a level 2 spell: Sticks to Snakes
  3323 | D:5      | Entered Level 5 of the Dungeon
  3361 | D:5      | Noticed a centaur
  3368 | D:5      | Killed a centaur
  3368 | D:5      | Reached skill level 6 in Necromancy
  3446 | D:5      | Noticed a phantom
  3539 | D:5      | Reached XP level 6. HP: 42/42 MP: 10/13
  3707 | D:5      | Reached skill level 5 in Spellcasting
  3888 | D:6      | Reached skill level 7 in Necromancy
  3962 | D:6      | Found a glowing silver altar of Zin.
  3984 | D:6      | Found a shattered altar of Ashenzari.
  3984 | D:6      | Noticed Eustachio
  4086 | D:5      | Reached ** piety under Sif Muna
  4150 | D:5      | Reached XP level 7. HP: 45/47 MP: 15/15
  4803 | D:7      | Killed Eustachio
  4803 | D:7      | Reached skill level 8 in Necromancy
  4847 | D:7      | Found an iron altar of Okawaru.
  4954 | D:7      | Found a staircase to the Ecumenical Temple.
  4970 | Temple   | Entered the Ecumenical Temple
  4978 | D:7      | Noticed Joseph
  5307 | D:7      | Reached XP level 8. HP: 28/53 MP: 8/18
  5322 | D:7      | Reached skill level 9 in Necromancy
  5419 | D:7      | Found a sacrificial altar of Ru.
  5676 | D:7      | Killed Joseph
  5676 | D:7      | Reached *** piety under Sif Muna
  5988 | D:8      | Noticed a troll
  5990 | D:8      | Noticed Erica
  5991 | D:8      | Reached skill level 10 in Necromancy
  6267 | D:8      | Reached XP level 9. HP: 52/58 MP: 14/21
  6352 | D:8      | Found a staircase to the Lair.
  6422 | D:8      | Noticed a two-headed ogre
  6492 | D:8      | Reached skill level 1 in Invocations
  6672 | D:8      | Reached **** piety under Sif Muna
  6678 | D:8      | Noticed Erica
  6678 | D:8      | Erica changed into Erica the glowing shapeshifter
  6749 | D:8      | Noticed Erica
  6749 | D:8      | Noticed Erica
  6749 | D:8      | Erica the deep troll changed into Erica the moth of wrath
  6763 | D:7      | Killed Erica the moth of wrath
  6763 | D:7      | Reached skill level 11 in Necromancy
  6972 | D:8      | Found a glowing golden altar of the Shining One.
  7309 | D:9      | Found Etsual's Armour Boutique.
  7316 | D:9      | Bought a +2 robe of fire resistance for 283 gold pieces
  7500 | D:9      | Noticed Psyche
  7507 | D:9      | Killed Psyche
  7533 | D:9      | Found a shadowy altar of Dithmenos.
  7725 | D:9      | Found a hide-covered altar of Uskayaw.
  7879 | D:10     | Entered Level 10 of the Dungeon
  8117 | D:10     | Reached XP level 10. HP: 23/64 MP: 0/23
  8457 | D:10     | Noticed a gargoyle
  8470 | D:10     | Found a staircase to the Orcish Mines.
  8812 | D:10     | Reached skill level 10 in Spellcasting
  8995 | D:10     | Reached ***** piety under Sif Muna
  8995 | D:10     | Reached skill level 12 in Necromancy
  9440 | D:10     | Identified Sif Muna's Volume of Execration (Sif Muna gifted it to you on level 10 of the Dungeon)
  9440 | D:10     | Received a gift from Sif Muna
 10038 | D:11     | Noticed a three-headed hydra
 10092 | D:11     | Slain by a one-headed hydra

Vault maps used:
D:1:      dpeg_arrival_pits
D:2:      lemuel_tele_altar
D:3:      minivault_14
D:4:      nicolae_overflow_hidden_temple, lemuel_blue_sif_altar, first_ration,
          kennysheep_another_room, kennysheep_decorative_pillar,
          nicolae_gozag_cash_rules_everything_around_me
D:6:      cheibrodos_ashenzari_chains, zin_treasury, uniq_eustachio
D:7:      nicolae_ru_sacrificial_ziggurat, okawaru_trees_1, temple_fountains,
          uniq_joseph
D:8:      lemuel_doored_altar, erik_lair_island, uniq_erica
D:9:      lemuel_crystal_altar, grunt_dithmenos_shadows, serial_shops, shop,
          uniq_psyche
D:10:     david_orc_3
D:11:     kennysheep_six_static_rooms, hangedman_ranch
Temple:   nicolae_temple_figure_eight

Skill      XL: |  1  2  3  4  5  6  7  8  9 10 |
---------------+-------------------------------+-----
Spellcasting   | 3 4 5 6 8 9 10 | 10.4
Necromancy     | 5 6 7 8 10 11 12 | 12.4
Invocations    | 3 4 |  4.6
Fighting       | |  0.5
Dodging        | |  1.5
Stealth        | |  1.5

Action                   |  1- 3 |  4- 6 |  7- 9 | 10-12 || total
-------------------------+-------+-------+-------+-------++-------
Melee: Dagger            |    25 |       |    83 |    16 ||   124
       Unarmed           |     3 |       |       |       ||     3
       Short sword       |     7 |    97 |    61 |       ||   165
       Rapier            |       |       |    84 |       ||    84
       Scimitar          |       |       |    38 |    67 ||   105
 Cast: Pain              |    68 |    20 |    23 |       ||   111
       Vampiric Draining |     2 |    20 |    79 |    54 ||   155
Invok: Divine Energy     |       |     1 |       |       ||     1
Evoke: Wand              |       |       |     2 |     5 ||     7
  Use: Scroll            |     4 |     5 |     5 |     5 ||    19
 Stab: Sleeping          |     1 |     2 |     1 |       ||     4
Armor: Robe              |    19 |    40 |    99 |    41 ||   199
Dodge: Dodged            |    58 |    73 |   254 |   111 ||   496
       Rpst.: Scimitar   |       |       |     9 |    23 ||    32

Table legend:
 A = Spawn XP
 B = Non-spawn XP
 C = Spawn XP percentage of total XP
 D = Spawn monster count
 E = Non-spawn monster count
 F = Spawn count percentage of total count
 G = Total turns spent on level
                    A         B        C        D         E        F      G
               +---------+---------+-------+---------+---------+-------+---------
         Total |       0 |    8046 |   0.0 |       0 |     175 |   0.0 | 10092
               +---------+---------+-------+---------+---------+-------+---------
           D:1 |       0 |      14 |   0.0 |       0 |      11 |   0.0 |   578
           D:2 |       0 |      44 |   0.0 |       0 |      19 |   0.0 |  1278
           D:3 |       0 |       5 |   0.0 |       0 |       3 |   0.0 |   431
           D:4 |       0 |     160 |   0.0 |       0 |      12 |   0.0 |  1063
           D:5 |       0 |     441 |   0.0 |       0 |      11 |   0.0 |   652
           D:6 |       0 |     359 |   0.0 |       0 |       7 |   0.0 |   783
           D:7 |       0 |    1820 |   0.0 |       0 |      22 |   0.0 |  1145
           D:8 |       0 |    1486 |   0.0 |       0 |      37 |   0.0 |  1051
           D:9 |       0 |    1096 |   0.0 |       0 |       8 |   0.0 |   955
          D:10 |       0 |    1812 |   0.0 |       0 |      31 |   0.0 |  1501
          D:11 |       0 |     809 |   0.0 |       0 |      14 |   0.0 |   402
               +---------+---------+-------+---------+---------+-------+---------
